Map: [ESL] Moondance

Players

goblin

  • Race: Protoss Protoss
  • Spawn Location: 12:00

milkicow - Winner!

  • Race: Terran Terran
  • Spawn Location: 6:00

Event: DreamHack SC2 Masters 2022 Atlanta (Online)

VOD

Have the link to the VOD?

Description

Time

  • Played on: Oct. 9, 2022, 1:09 p.m.
  • Length: 8:51

All games in this series

Show
View Real Time Build Order
Export as new Build Order

goblin Protoss 

Build Orders: 1 Gate Expand, Phoenix Opening 

Get SALT Encoding   

  12  0:00  Probe  
  13  0:12  Probe  
  14  0:17  Pylon  
  14  0:24  Probe (Chrono Boost)  
  16  0:36  Gateway, Probe (Chrono Boost)  
  16  0:43  Probe (Chrono Boost)  
  16  0:46  Assimilator  
  17  0:50  Probe  
  18  1:03  Probe  
  19  1:15  Probe  
  20  1:24  Cybernetics Core  
  20  1:27  Probe  
  21  1:36  Nexus  
  21  1:44  Pylon  
  21  1:47  Probe  
  21  1:51  Assimilator  
  22  1:59  Adept (Chrono Boost), Probe  
  25  2:11  Probe  
  26  2:21  Adept  
  28  2:23  Probe  
  28  2:25  Stargate  
  29  2:35  Probe (Chrono Boost)  
  30  2:39  Warp Gate  
  30  2:47  Probe (Chrono Boost)  
  31  2:52  Probe x2 (Chrono Boost)  
  31  2:55  Stalker  
  34  3:00  Probe  
  34  3:02  Probe  
  34  3:03  Shield Battery  
  36  3:09  Phoenix  
  38  3:12  Probe  
  38  3:23  Probe (Chrono Boost)  
  38  3:25  Probe (Chrono Boost)  
  40  3:33  Pylon  
  40  3:34  Phoenix, Probe (Chrono Boost)  
  43  3:35  Probe (Chrono Boost)  
  43  3:36  Assimilator  
  43  3:38  Assimilator  
  43  3:39  Probe (Chrono Boost)  
  45  3:41  Probe  
  46  3:51  Probe  
  46  3:53  Probe, Pylon  
  48  3:59  Phoenix (Chrono Boost)  
  48  4:00  Robotics Facility  
  50  4:04  Probe  
  50  4:06  Probe  
  52  4:12  Gateway  
  52  4:16  Shield Battery, Probe  
  53  4:18  Probe  
  53  4:20  Phoenix (Chrono Boost)  
  56  4:29  Stalker  
  58  4:32  Shield Battery  
  50  4:41  Probe  
  46  4:48  Phoenix  
  46  4:52  Probe  
  46  4:58  Stalker  
  48  5:00  Observer, Probe  
  49  5:11  Probe (Chrono Boost)  
  49  5:15  Probe (Chrono Boost)  
  51  5:21  Observer  
  51  5:23  Probe (Chrono Boost)  
  51  5:25  Probe (Chrono Boost)  
  51  5:28  Probe (Chrono Boost)  
  53  5:29  Phoenix  
  53  5:30  Probe (Chrono Boost)  
  57  5:38  Probe  
  58  5:45  Probe  
  58  5:49  Nexus  
  59  5:50  Pylon  
  59  5:59  Phoenix, Robotics Bay  
  61  6:05  Twilight Council  
  61  6:07  Probe  
  62  6:14  Immortal (Chrono Boost)  
  66  6:18  Sentry  
  66  6:21  Pylon  
  68  6:26  Probe x2  
  72  6:42  Colossus (Chrono Boost), Probe  
  72  6:43  Charge (Chrono Boost), Probe  
  78  6:52  Pylon  
  78  6:53  Shield Battery  
  78  6:54  Shield Battery  
  78  6:56  Pylon  
  78  7:02  Phoenix  
  80  7:13  Zealot, Gateway  
  81  7:18  Gateway  
  79  7:23  Colossus (Chrono Boost)  
  79  7:27  Zealot  
  79  7:29  Phoenix  
  89  7:32  Probe  
  89  7:33  Probe  
  91  7:43  Zealot  
  93  7:45  Probe x3  
  93  7:47  Pylon  
  96  7:54  Zealot  
  96  7:57  Probe  
  73  8:13  Zealot x3  
  73  8:17  Zealot  
  73  8:19  Phoenix  
  85  8:28  Shield Battery  
  75  8:36  Zealot x2  
  75  8:37  Zealot x2  
Show
View Real Time Build Order
Export as new Build Order

milkicow Terran - Winner!

Build Orders:  

Get SALT Encoding   

  12  0:00  SCV  
  13  0:12  SCV  
  14  0:17  Supply Depot  
  14  0:24  SCV  
  15  0:38  SCV  
  15  0:40  Barracks  
  16  0:42  Refinery  
  16  0:50  SCV  
  16  0:53  Refinery  
  17  1:02  SCV  
  18  1:14  SCV  
  19  1:27  Reaper, Orbital Command  
  19  1:28  Supply Depot  
  20  1:41  Factory  
  20  1:53  SCV  
  21  2:00  Barracks Reactor  
  21  2:05  SCV  
  22  2:17  Command Center  
  22  2:19  SCV  
  23  2:25  Hellion  
  25  2:32  Starport  
  25  2:35  Marine  
  26  2:37  Marine  
  26  2:43  Supply Depot  
  27  2:45  SCV  
  28  2:52  Factory Tech Lab  
  28  2:57  Marine x2  
  28  2:58  SCV  
  31  3:10  Cyclone  
  34  3:15  SCV  
  35  3:22  Marine x2  
  35  3:23  Viking  
  37  3:27  SCV  
  38  3:39  SCV  
  38  3:40  Marine x2  
  41  3:46  Cyclone  
  41  3:48  Orbital Command  
  44  3:51  SCV  
  44  3:58  Viking  
  46  4:03  SCV  
  46  4:05  Marine x2  
  49  4:14  SCV  
  49  4:16  SCV  
  51  4:18  Barracks  
  51  4:19  Supply Depot  
  51  4:26  SCV  
  51  4:27  Marine  
  51  4:28  Marine  
  51  4:29  Starport Tech Lab  
  54  4:36  SCV  
  54  4:38  SCV  
  51  4:42  Supply Depot  
  50  4:48  SCV  
  50  4:50  SCV  
  50  4:52  Marine  
  50  4:53  Barracks  
  50  4:54  Marine  
  50  4:59  Siege Tank  
  47  5:00  SCV  
  47  5:01  Refinery  
  47  5:02  SCV  
  47  5:05  Engineering Bay  
  47  5:06  Starport Reactor  
  49  5:10  Marine  
  49  5:12  SCV, Marine  
  50  5:14  SCV  
  50  5:16  Refinery  
  50  5:17  Bunker  
  50  5:20  Stimpack, Marine  
  52  5:24  SCV  
  52  5:26  SCV  
  52  5:28  Marine  
  55  5:31  Siege Tank  
  55  5:34  Terran Infantry Weapons Level 1  
  58  5:36  SCV  
  58  5:38  SCV, Missile Turret  
  58  5:41  Barracks Tech Lab, Marine  
  60  5:44  Marine  
  60  5:45  Marine  
  60  5:48  SCV  
  62  5:50  Supply Depot  
  62  5:51  SCV  
  63  5:59  Marine  
  63  6:00  Viking x2  
  63  6:01  Marine  
  63  6:02  SCV  
  70  6:11  Marine  
  70  6:12  SCV, Siege Tank, Marine  
  70  6:17  Marine  
  70  6:18  Supply Depot  
  75  6:19  Combat Shield, Marine  
  75  6:23  SCV  
  77  6:29  Marine  
  77  6:32  Marine  
  78  6:39  Viking x2, Marine  
  83  6:40  Supply Depot  
  83  6:41  Supply Depot  
  83  6:45  Siege Tank  
  86  6:53  Marine  
  86  7:01  Marine  
  86  7:02  SCV x2, Marauder x2  
  86  7:06  Supply Depot  
  92  7:09  Concussive Shells, Medivac x2  
  92  7:11  Marine  
  92  7:14  SCV  
  98  7:15  SCV  
  98  7:19  Marine  
  100  7:23  Marine x2  
  100  7:28  Siege Tank  
  100  7:29  Marine  
  106  7:30  SCV  
  106  7:32  Supply Depot  
  106  7:35  Supply Depot  
  106  7:37  Marine  
  109  7:45  Medivac  
  109  7:46  Supply Depot  
  110  7:53  Medivac, Marine  
  110  7:54  Marauder  
  110  7:55  Marine  
  110  7:56  Marauder  
  109  8:12  SCV  
  104  8:13  SCV, Siege Tank  
  104  8:15  Marauder  
  104  8:16  Command Center  
  104  8:19  Marine  
  107  8:20  Marauder  
  107  8:24  Marine  
  107  8:25  SCV  
  111  8:47  Barracks  
  111  8:48  Barracks  
Tags
 
Add a new tag
Caveats
  • Supply blocks, unpowered buildings, or Contaminate may cause inaccurate times.
  • Supply counts are checked every 10 seconds.